 Dungeon Crawl Stone Soup version 0.30.0-29-ga12c61a403 (webtiles) character file.

Game seed: 11744964851838140807

198 Elmgren the Shooter (level 5, 0/25 HPs)
             Began as a Spriggan Hunter on June 21, 2023.
             Slain by Terence
             ... wielding a +6 vampiric trident
              (3 damage)
             ... on level 2 of the Dungeon.
             The game lasted 00:01:26 (1910 turns).

Elmgren the Shooter (Spriggan Hunter)               Turns: 1910, Time: 00:01:27

Health: 0/25       AC:  3    Str:  7    XL:     5   Next: 47%
Magic:  6/6        EV: 18    Int: 11    God:
Gold:   72         SH:  0    Dex: 20    Spells: 4/4 levels left

rFire   . . .        a - +0 shortbow
rCold   . . .        (shield currently unavailable)
rNeg    . . .        c - +1 robe
rPois   .            (helmet restricted)
rElec   .            (no cloak)
rCorr   .            (gloves unavailable)
SInv    +            (boots unavailable)
Will    .....        (no amulet)
Stlth   ++           (no ring)
HPRegen 0.24/turn    (no ring)
MPRegen 0.10/turn

%: no passive effects
@: very quick
A: very small, no large weapons, unfitting armour, see invisible, speed 3
a: no special abilities


You were on level 2 of the Dungeon.
You visited 1 branch of the dungeon, and saw 2 of its levels.

You collected 72 gold pieces.

Inventory:

Hand Weapons
 a - a +0 shortbow (weapon)
Armour
 c - a +1 robe (worn)
Jewellery
 m - a +6 ring of strength
   (You found it on level 1 of the Dungeon)
Scrolls
 b - a scroll of immolation {!r}
 d - a scroll of magic mapping {unknown}
Potions
 e - a potion of invisibility {unknown}
 g - a potion of flight {unknown}
 h - a potion of might
 k - a potion of cancellation {unknown}
 l - 3 potions of curing {unknown}


   Skills:
 - Level 1.5 Fighting
 + Level 6.8 Ranged Weapons
 - Level 2.6 Dodging
 - Level 1.5 Stealth


You had 4 spell levels left.
You didn't know any spells.
Your spell library contained the following spells:

 Spells                   Type           Power      Damage    Failure   Level
 Sandblast                Erth           0%         2d4       34%         1
 Ensorcelled Hibernation  Hex/Ice        0%         N/A       47%         2
 Passwall                 Tmut/Erth      0%         N/A       47%         2
 Stone Arrow              Conj/Erth      0%         3d7       71%         3
 Swiftness                Air            0%         N/A       71%         3


Dungeon Overview and Level Annotations

Branches:
Dungeon (2/15)

Altars:

Annotations:
D:2 Terence


Innate Abilities, Weirdness & Mutations

You are very small and have problems with some larger weapons.
You are too small for most types of armour.
You have supernaturally acute eyesight. (SInv)
You cover ground extremely quickly. (Speed+++)


Message History

There is an open door here.
You see here a +0 club.
e - a fizzy ruby potion No target in view!
You open the door.
There is an open door here.
There is an open door here.
You open the door.
A bat comes into view.
You shoot an arrow. The arrow hits the bat!
You kill the bat!
There is an open door here.
You open the door.
There is an open door here.
A bat comes into view.
You shoot an arrow. The arrow closely misses the bat.
The bat hits you. The bat completely misses you.
A bat is nearby!
You take 1 damage, and have 24/25 hp.
You shoot an arrow.
The arrow hits the bat but does no damage.
The bat completely misses you. x2
A bat is nearby!
You shoot an arrow. The arrow hits the bat.
The bat barely misses you. The bat hits you but does no damage. x2
A bat is nearby!
You shoot an arrow. The arrow hits the bat!
You kill the bat!
You see here a bat corpse.
You open the door.
A ball python comes into view.
Health restored: 25 You shoot an arrow.
The arrow hits the ball python!
You kill the ball python!
There is an open door here.
You see here a ball python corpse.
You open the door.
There is an open door here.
There is an open door here.
You open the door.
There is an open door here.
You open the door.
There is an open door here.
You open the door.
An endoplasm comes into view.
You shoot an arrow. The arrow hits the endoplasm.
An endoplasm is nearby!
You shoot an arrow. The arrow hits the endoplasm.
An endoplasm is nearby!
You shoot an arrow. The arrow hits the endoplasm!
You kill the endoplasm!
There is an open door here.
There is an open door here.
There is an open door here.
You open the door.
There is an open door here.
You now have 72 gold pieces (gained 14).
You open the door.
There is an open door here.
You open the door.
There is an open door here.
You open the door.
Terence the Incautious comes into view.
He is wielding a +6 vampiric trident.
You shoot an arrow. The arrow hits Terence.
Terence is nearby!
You shoot an arrow.
The arrow hits Terence but does no damage.
Terence closely misses you. x2
Terence is nearby!
You shoot an arrow. The arrow hits Terence!
Terence completely misses you.
Terence is nearby!
You shoot an arrow.
The arrow hits Terence but does no damage.
Terence hits you from afar with a +6 vampiric trident!
Terence is nearby!
You take 7 damage, and have 18/25 hp.
MASSIVE DAMAGE!!
You shoot an arrow.
The arrow hits Terence but does no damage.
Terence drinks a potion.
Terence seems to speed up.
Terence is nearby!
You shoot an arrow.
The arrow hits Terence but does no damage.
Terence hits you from afar with a +6 vampiric trident!
Terence misses you.
You take 6 damage, and have 12/25 hp.
MASSIVE DAMAGE!!
You shoot an arrow.
The arrow hits Terence but does no damage.
Terence asks, "Do you want it fast or slow?"
Terence hits you from afar with a +6 vampiric trident!
* * * LOW HITPOINT WARNING * * *
Terence draws strength from your wounds!
You take 11 damage, and have 1/25 hp.
MASSIVE DAMAGE!!
You are too injured to fight recklessly!
Unknown command.
Unknown command.
There is an open door here.
You open the door.
Terence hits you from afar with a +6 vampiric trident.
You die...

..###...###...########.#
.##.##.##.##.##.##.....#
##...#'#.(.###...##.##.#
'[....'.....'.....'.##.#
##.).#'#...###...#####.#
##.##.##.##.##.##.....#
###...###...####.###.#
#.....#.....###.# #.#
+..8..'.....'@#.# #.#
#.....#.....#...# #.#
##...###...####@###.#
##.## ##.##.##..##.#
#+#...###...##.# .#
+.....'....@'.#
+#...###...#### ## ##.##
###


You could see Terence (fast).

Vanquished Creatures
  Sigmund (D:2)
  3 ball pythons (D:1 D:2)
  6 bats (D:1 D:2)
  3 endoplasms (D:1 D:2)
  3 giant cockroaches (D:1)
  4 goblins (D:1 D:2)
  2 hobgoblins (D:1 D:2)
  3 frilled lizards (D:1)
  2 kobolds (D:1)
  2 rats (D:1)
29 creatures vanquished.

Notes
Turn   | Place    | Note
-------+----------+-------------------------------------------
     0 | D:1      | Elmgren the Spriggan Hunter began the quest for the Orb.
     0 | D:1      | Reached XP level 1. HP: 10/10 MP: 2/2
   351 | D:1      | Reached XP level 2. HP: 14/14 MP: 3/3
  1119 | D:2      | Noticed Sigmund
  1653 | D:2      | HP: 5/14 [Sigmund/puff of flame (5)]
  1663 | D:2      | HP: 5/14 [Sigmund/+0 scythe (3)]
  1673 | D:2      | Killed Sigmund
  1674 | D:2      | Reached skill level 6 in Ranged Weapons
  1674 | D:2      | Reached XP level 3. HP: 10/18 MP: 4/4
  1674 | D:2      | Reached XP level 4. HP: 12/22 MP: 5/5
  1674 | D:2      | Reached XP level 5. HP: 14/25 MP: 6/6
  1892 | D:2      | Noticed Terence
  1898 | D:2      | HP: 12/25 [Terence/+6 vampiric trident (7)]
  1899 | D:2      | HP: 1/25 [Terence/+6 vampiric trident (11)]
  1910 | D:2      | Slain by Terence

Illustrated notes

Levels and vault maps discovered:
D:1:      matt_arrival_refuge, layout_loops_corners, grunt_decor_one_mirror,
          minmay_tetromino_t2
D:2:      layout_loops_ring, nicolae_hexahallways, uniq_terence, uniq_sigmund

Skill      XL: |  1  2 |
---------------+-------+-----
Ranged Weapons | 6 |  6.8
Fighting       | |  1.5
Dodging        | |  2.6
Stealth        | |  1.5

Action                     |  1- 3 |  4- 6 || total
---------------------------+-------+-------++-------
   Fire: Shortbow          |    85 |    17 ||   102
    Use: Scroll            |     6 |       ||     6
 Armour: Robe              |     8 |     2 ||    10
  Dodge: Dodged            |    38 |     8 ||    46

Levels and vault maps discovered:
D:1:      matt_arrival_refuge, layout_loops_corners, grunt_decor_one_mirror,
          minmay_tetromino_t2
D:2:      layout_loops_ring, nicolae_hexahallways, uniq_terence, uniq_sigmund

Table legend: (Time is in decaauts)
 A = Elapsed time spent in this place.
 B = Non-inter-level travel time spent in this place.
 C = Inter-level travel time spent in this place.
 D = Time resting spent in this place.
 E = Time spent auto-exploring this place.
 F = Levels seen in this place.
 G = Mean time per level.
                   A        B        C        D        E       F      G
               +--------+--------+--------+--------+--------+-----+--------+
         Total |   1458 |   1436 |     22 |    502 |    740 |   2 |  729.0 |
       Dungeon |   1458 |   1436 |     22 |    502 |    740 |   2 |  729.0 |
               +--------+--------+--------+--------+--------+-----+--------+

Top non-repeatable levels by time:
     D:2: 844 daAuts
     D:1: 613 daAuts

Table legend:
 A = Kills in this place as a percentage of kills in the entire game.
 B = Kills by you in this place as a percentage of kills by you in the entire game.
 C = Kills by friends in this place as a percentage of kills by friends in the entire game.
 D = Other kills in this place as a percentage of other kills in the entire game.
 E = Experience gained in this place as a percentage of experience gained in the entire game.
 F = Experience gained in this place divided by the number of levels of this place that you have seen.
                   A       B       C       D       E      F
               +-------+-------+-------+-------+-------+----------------------
         Total | 100.0 | 100.0 |   N/A |   N/A | 100.0 | 142.0
       Dungeon | 100.0 | 100.0 |   N/A |   N/A | 100.0 | 142.0
               +-------+-------+-------+-------+-------+----------------------
